 Dungeon Crawl Stone Soup version 0.28.0-43-g3370ac3207 (webtiles) character file.

Game seed: 18009662643486941471

464 Borgoz the Skirmisher (level 7, -4/44 HPs)
             Began as a Gargoyle Berserker on Mar 1, 2022.
             Was a Believer of Trog.
             Slain by TheBloodborn's ghost (6 damage)
             ... on level 3 of the Dungeon.
             The game lasted 00:07:25 (4638 turns).

Borgoz the Skirmisher (Gargoyle Berserker)          Turns: 4638, Time: 00:07:26

Health: -4/44      AC: 17    Str: 21    XL:     7   Next: 7%
Magic:  7/7        EV: 10    Int:  7    God:    Trog [**....]
Gold:   181        SH:  0    Dex: 11    Spells: 6/6 levels left

rFire   . . .      SeeInvis +   a - +0 mace
rCold   . . .      Faith    .   (no shield)
rNeg    + . .      Spirit   .   j - +0 scale mail
rPois   ∞          Reflect  .   m - +0 helmet
rElec   +          Harm     .   (no cloak)
rCorr   .          Rampage  .   (no gloves)
Will    .....                   (no boots)
Stlth   ..........              (no amulet)
HPRegen 0.14/turn               c - ring of see invisible
MPRegen 0.10/turn               g - +4 ring of protection

@: on berserk cooldown, slowed, very slow
A: sickness immunity, AC +4, negative energy resistance 1, electricity
resistance, torment resistance 1, petrification resistance
a: Renounce Religion, Berserk, Trog's Hand


You were on level 3 of the Dungeon.
You worshipped Trog.
Trog was pleased with you.
You visited 1 branch of the dungeon, and saw 4 of its levels.

You collected 181 gold pieces.

Inventory:

Hand Weapons
 a - a +0 mace (weapon)
 b - a +1 whip of electrocution
Armour
 j - a +0 scale mail (worn)
 m - a +0 helmet (worn)
Jewellery
 c - a ring of see invisible (left hand)
 g - a +4 ring of protection (right hand)
 n - a ring of positive energy
Wands
 h - a wand of paralysis (2)
Potions
 d - 2 potions of heal wounds {unknown}
 e - 5 potions of haste {unknown}
 k - a potion of cancellation {unknown}
 l - a potion of degeneration
 q - a potion of mutation


   Skills:
 * Level 5.3 Fighting
 * Level 4.8 Maces & Flails
 * Level 4.4 Armour
 + Level 2.7 Dodging


You had 6 spell levels left.
You didn't know any spells.
Your spell library was empty.

Dungeon Overview and Level Annotations

Branches:
Dungeon (4/15)
 Temple: D:4-7

Altars:

Annotations:
D:3 TheBloodborn's ghost, amateur GrFi


Innate Abilities, Weirdness & Mutations

You are immune to sickness and miasma.
Your stone body is resilient. (AC +4)
You are immune to poison.
You resist negative energy. (rN+)
You are resistant to electric shocks. (rElec)
You are resistant to unholy torment.
You are immune to petrification.


Message History

Your punch misses TheBloodborn's ghost.
TheBloodborn's ghost is lightly damaged.
TheBloodborn's ghost hits you but does no damage.
You completely miss TheBloodborn's ghost.
TheBloodborn's ghost is lightly damaged.
You completely miss TheBloodborn's ghost.
TheBloodborn's ghost is lightly damaged.
TheBloodborn's ghost hits you.
* * * LOW HITPOINT WARNING * * *
You completely miss TheBloodborn's ghost.
TheBloodborn's ghost is lightly damaged.
TheBloodborn's ghost hits you but does no damage.
You completely miss TheBloodborn's ghost.
TheBloodborn's ghost is lightly damaged.
TheBloodborn's ghost hits you but does no damage.
You miss TheBloodborn's ghost.
TheBloodborn's ghost is lightly damaged.
You are no longer berserk.
You are exhausted.
You feel yourself slow down.
You barely miss TheBloodborn's ghost.
TheBloodborn's ghost is lightly damaged.
TheBloodborn's ghost hits you but does no damage.
TheBloodborn's ghost hits you.
* * * LOW HITPOINT WARNING * * *
You completely miss TheBloodborn's ghost.
TheBloodborn's ghost is lightly damaged.
TheBloodborn's ghost hits you but does no damage.
TheBloodborn's ghost barely misses you.
TheBloodborn's ghost screams, "Zot is a myth, the ORB is a fable, you'll soon be a tale!"
TheBloodborn's ghost wails, "They lied to you.
The Dungeon just goes down and down forever."
TheBloodborn's ghost hits you.
* * * LOW HITPOINT WARNING * * *
TheBloodborn's ghost hits you but does no damage.
TheBloodborn's ghost whispers, "There is no future for you."
TheBloodborn's ghost hits you but does no damage.
TheBloodborn's ghost barely misses you.
There is a stone staircase leading down here.
TheBloodborn's ghost hits you.
You die...

#.# #.# #.# #.# #.# #.# #.# #.#
#.###############.#
#.#...............#
#.#.###........######## #####
#.#.# #......W........#####....
#.#.# #.......@................
#.#.# #..............<....#.###
#.#.# #....................)...
#.#.###........#...............
#.#.............#........©.....
#.########.####.#....#########.
#.# #......##..##8.....8##
#.#### ####.......#........©#
#..).# #.####..#..#...#..#


You could see TheBloodborn's ghost.

Vanquished Creatures
  2 scorpions (D:4)
  A wight (D:3)
  2 hounds
  A bullfrog skeleton (D:4)
  An iguana (D:4)
  2 orc wizards (D:3)
  A hound skeleton (D:4)
  Robin (D:3)
  3 adders (D:2)
  A worm (D:4)
  3 dart slugs
  7 orcs (D:3)
  16 ball pythons
  5 endoplasms
  3 giant cockroaches
  10 goblins
  5 hobgoblins
  3 jackals (D:3)
  5 quokkas
  7 bats
  A frilled lizard (D:1)
  4 kobolds
  2 rats
86 creatures vanquished.

Vanquished Creatures (others)
  5 plants (D:2)
5 creatures vanquished.

Grand Total: 91 creatures vanquished

Notes
Turn   | Place    | Note
-------+----------+-------------------------------------------
     0 | D:1      | Borgoz the Gargoyle Berserker began the quest for the Orb.
     0 | D:1      | Reached XP level 1. HP: 14/14 MP: 1/1
   322 | D:1      | Reached XP level 2. HP: 18/19 MP: 2/2
   798 | D:1      | Found a faded altar of an unknown god.
  1362 | D:1      | Reached XP level 3. HP: 18/24 MP: 3/3
  2385 | D:2      | Reached skill level 4 in Fighting
  2439 | D:2      | Reached XP level 4. HP: 29/29 MP: 4/4
  2566 | D:2      | Reached ** piety under Trog
  2767 | D:3      | Noticed Robin
  2788 | D:3      | Killed Robin
  3085 | D:3      | Found a transporter.
  3085 | D:3      | Found a transporter.
  3085 | D:3      | Noticed TheBloodborn's ghost (amateur GrFi)
  3264 | D:3      | Reached XP level 5. HP: 34/34 MP: 5/5
  3593 | D:4      | Reached XP level 6. HP: 37/40 MP: 6/6
  3946 | D:4      | Reached skill level 5 in Fighting
  4337 | D:3      | Reached XP level 7. HP: 44/44 MP: 7/7
  4635 | D:3      | HP: 1/44 [TheBloodborn's ghost (6)]
  4638 | D:3      | Slain by TheBloodborn's ghost

Illustrated notes

Levels and vault maps discovered:
D:1:      zaba_arrival_water, layout_loops_ring,
          hellmonk_ecumenical_altar_heavens_door, minmay_misc_feat_roman
D:2:      minmay_wonky_spiral, layout_loops_corners, serial_forest,
          infiniplex_forest_lined_ring, infiniplex_forest_clump_medium,
          infiniplex_forest_3_way, infiniplex_forest_lined_2,
          infiniplex_forest_fountain
D:3:      layout_basic, gammafunk_ghost_arena, uniq_robin
D:4:      layout_loops_ring

Skill      XL: |  1  2  3  4  5  6 |
---------------+-------------------+-----
Dodging        | 2 |  2.7
Fighting       | 4 5 |  5.3
Armour         | 3 4 |  4.4
Maces & Flails | 4 |  4.8

Action                   |  1- 3 |  4- 6 |  7- 9 || total
-------------------------+-------+-------+-------++-------
Melee: Mace              |    88 |    51 |    25 ||   164
       Double sword      |    16 |     9 |       ||    25
       Whip              |       |   106 |    92 ||   198
       Punch             |       |     1 |       ||     1
Invok: Berserk           |     1 |     3 |     2 ||     6
Evoke: Wand              |       |     1 |       ||     1
  Use: Scroll            |       |     4 |     2 ||     6
       Potion            |       |       |     1 ||     1
 Stab: Sleeping          |     1 |       |       ||     1
       Paralysed         |       |     2 |       ||     2
Armor: Animal skin       |    37 |     5 |       ||    42
       Scale mail        |       |    83 |    60 ||   143
Dodge: Dodged            |    77 |    84 |    38 ||   199
